 Dungeon Crawl Stone Soup version 0.28-a0-1312-g71652a0310 (webtiles) character file.

Game seed: 18141193313348223527

214 blank1 the Nimble (level 5, -7/41 HPs)
             Began as a Gnoll Wanderer on Dec 27, 2021.
             Mangled by an ogre (22 damage)
             ... on level 3 of the Dungeon.
             The game lasted 00:09:11 (4948 turns).

blank1 the Nimble (Gnoll Wanderer)                  Turns: 4948, Time: 00:09:11

Health: -7/41      AC: 16    Str: 14    XL:     5   Next: 92%
Magic:  7/7        EV:  4    Int: 15    God:
Gold:   115        SH: 11    Dex: 13    Spells: 7/7 levels left

rFire   . . .      SeeInvis .   e - +2 falchion (protect)
rCold   . . .      Faith    .   g - +0 tower shield
rNeg    . . .      Spirit   .   d - +0 chain mail
rPois   .          Reflect  .   (no helmet)
rElec   .          Harm     .   q - scarf {shadows}
rCorr   .          Rampage  .   (no gloves)
Will    .....                   (no boots)
Stlth   ..........              (no amulet)
HPRegen 0.13/turn               n - +6 ring of intelligence
MPRegen 0.10/turn               (no ring)

@: under a protective aura
A: fangs 1, strong nose, distributed training
a: no special abilities


You were on level 3 of the Dungeon.
You visited 1 branch of the dungeon, and saw 4 of its levels.

You collected 115 gold pieces.

Inventory:

Hand Weapons
 a - a +0 hand axe
 e - a +2 falchion of protection (weapon)
 r - a +0 hunting sling
 t - a +4 flail
Missiles
 b - 3 throwing nets (quivered)
 h - 87 stones
Armour
 d - a +0 chain mail (worn)
 g - a +0 tower shield (worn)
 q - a scarf of shadows (worn)
Jewellery
 n - a +6 ring of intelligence (left hand)
Wands
 s - a wand of acid (7)
Scrolls
 f - a scroll of teleportation {unknown}
 i - a scroll of identify {unknown}
 l - a scroll of fear {unknown}
 u - a scroll of vulnerability {unknown}
Potions
 c - a potion of cancellation {unknown}
 j - a potion of mutation {unknown}
 k - 2 potions of curing {unknown}
 m - 2 potions of attraction {unknown}
 o - a potion of heal wounds {unknown}
 p - a potion of haste {unknown}


   Skills:
 + Level 3.1 Fighting
 + Level 1.7 Short Blades
 + Level 1.7 Long Blades
 + Level 4.9 Axes
 + Level 1.7 Maces & Flails
 + Level 1.7 Polearms
 + Level 1.7 Staves
 + Level 1.7 Slings
 + Level 1.7 Bows
 + Level 1.7 Crossbows
 + Level 1.7 Throwing
 + Level 3.1 Armour
 + Level 10.5 Dodging
 + Level 2.9 Stealth
 + Level 1.7 Shields
 + Level 1.7 Unarmed Combat
 + Level 1.7 Spellcasting
 + Level 1.3 Conjurations
 + Level 1.3 Hexes
 + Level 1.3 Summonings
 + Level 1.3 Necromancy
 + Level 1.3 Translocations
 + Level 1.3 Transmutations
 + Level 1.3 Fire Magic
 + Level 1.3 Ice Magic
 + Level 1.3 Air Magic
 + Level 1.3 Earth Magic
 + Level 1.3 Poison Magic
 + Level 1.9 Invocations
 + Level 1.7 Evocations


You had 7 spell levels left.
You didn't know any spells.
Your spell library contained the following spells:

 Spells                   Type           Power      Damage    Failure   Level
 Shock                    Conj/Air       20%        1d4       100%        1
 Tukima's Dance           Hex            5%         N/A       100%        3
 Passage of Golubria      Tloc           5%         N/A       100%        4
 Yara's Violent Unravell  Hex/Tmut       2%         3d3       100%        5


Dungeon Overview and Level Annotations

Branches:
Dungeon (4/15)
 Temple: D:4-7

Altars:
Hepliaklqana


Innate Abilities, Weirdness & Mutations

You have very sharp teeth.
Your uncanny sense of smell can sniff out nearby items.
Your experience applies equally to all skills.


Message History

The ogre shouts!
Items here: ( ))) [ †.
Fire: 89 stones
Press: ? - help, Q - select action, (/) - cycle Shift-Dir - straight line, f - ogre
Aim: an ogre, wielding a +0 giant club (69% to hit)
You shoot a stone.
The stone hits the ogre but does no damage.
Unknown command.
Fire: 88 stones
Press: ? - help, Q - select action, (/) - cycle Shift-Dir - straight line, f/p - ogre
Aim: an ogre, wielding a +0 giant club (71% to hit)
You shoot a stone.
The stone hits the ogre but does no damage.
Unknown command.
Your +2 falchion of protection hums with potential!
e - a +2 falchion of protection (weapon)
An ogre comes into view. It is wielding a +0 giant club.
The ogre hits you with a +0 giant club!
There is a stone staircase leading up here.
You climb upwards.
There is a stone staircase leading down here.
You barely miss the ogre. You block the ogre's attack. x2
You hit the ogre.
Your weapon exudes an aura of protection.
The ogre is lightly wounded.
The ogre completely misses you.
You hit the ogre.
The ogre is moderately wounded.
The ogre barely misses you.
You hit the ogre. You bite the ogre, but do no damage.
The ogre is heavily wounded.
The ogre hits you with a +0 giant club!
You hit the ogre.
The ogre is heavily wounded.
The ogre hits you but does no damage. The ogre hits you with a +0 giant club!
You hit the ogre but do no damage. You bite the ogre, but do no damage.
The ogre is heavily wounded.
The ogre hits you with a +0 giant club!!
Ouch! That really hurt!
You die...

########## .........#
########.# #...# #.#
#.#.# #.# #.#.# #.##
##.#.###..########
................@#
......###.####.#O#
####..# #..# #.#.######
......####.###.#......#
#####.......##.#......#
# ####.....#.#......#
#.#..##.#......#
#.##....#......#
#.<#..###......#


You could see an ogre.

Vanquished Creatures
  A water moccasin skeleton (D:4)
  An orc priest (D:3)
  An orc wizard (D:3)
  3 adders (D:2)
  An adder skeleton (D:4)
  12 orcs
  8 endoplasms
  4 giant cockroaches
  5 goblins
  6 hobgoblins
  3 jackals (D:2)
  7 kobolds
  A quokka (D:2)
  7 ball pythons
  2 bats (D:1)
  6 frilled lizards
  4 rats
72 creatures vanquished.

Notes
Turn   | Place    | Note
-------+----------+-------------------------------------------
     0 | D:1      | Reached skill level 10 in Dodging
     0 | D:1      | blank1 the Gnoll Wanderer began the quest for the Orb.
     0 | D:1      | blank1 set off with the following items: a +0 hand axe, 4
                  | throwing nets, a +0 leather armour, a potion of
                  | lignification
     0 | D:1      | Reached XP level 1. HP: 17/17 MP: 1/1
   408 | D:1      | Reached XP level 2. HP: 14/23 MP: 2/2
   594 | D:1      | Found a faded altar of an unknown god.
   614 | D:1      | Got Plato's Almanac of Weightlessness
  1167 | D:2      | Reached XP level 3. HP: 27/28 MP: 3/3
  1411 | D:2      | Found a hazy altar of Hepliaklqana.
  1587 | D:2      | Reached skill level 1 in Invocations
  1757 | D:2      | Reached skill level 1 in Short Blades
  1757 | D:2      | Reached skill level 1 in Long Blades
  1757 | D:2      | Reached skill level 1 in Maces & Flails
  1757 | D:2      | Reached skill level 1 in Polearms
  1757 | D:2      | Reached skill level 1 in Staves
  1757 | D:2      | Reached skill level 1 in Slings
  1757 | D:2      | Reached skill level 1 in Bows
  1757 | D:2      | Reached skill level 1 in Crossbows
  1757 | D:2      | Reached skill level 1 in Throwing
  1757 | D:2      | Reached skill level 1 in Shields
  1757 | D:2      | Reached skill level 1 in Unarmed Combat
  1757 | D:2      | Reached skill level 1 in Spellcasting
  1757 | D:2      | Reached skill level 1 in Evocations
  1822 | D:2      | Reached XP level 4. HP: 34/34 MP: 5/5
  3761 | D:3      | Reached skill level 1 in Conjurations
  3761 | D:3      | Reached skill level 1 in Hexes
  3761 | D:3      | Reached skill level 1 in Summonings
  3761 | D:3      | Reached skill level 1 in Necromancy
  3761 | D:3      | Reached skill level 1 in Translocations
  3761 | D:3      | Reached skill level 1 in Transmutations
  3761 | D:3      | Reached skill level 1 in Fire Magic
  3761 | D:3      | Reached skill level 1 in Ice Magic
  3761 | D:3      | Reached skill level 1 in Air Magic
  3761 | D:3      | Reached skill level 1 in Earth Magic
  3761 | D:3      | Reached skill level 1 in Poison Magic
  4134 | D:3      | Reached XP level 5. HP: 40/40 MP: 6/6
  4901 | D:4      | Noticed an ogre
  4904 | D:4      | Noticed an ogre
  4948 | D:3      | Mangled by an ogre

Illustrated notes

Levels and vault maps discovered:
D:1:      dpeg_arrival_three_smaller_balls, layout_basic,
          shapermc_ecumenical_altar_rom_forum, minivault_11
D:2:      minmay_inner_zag, layout_basic, basic_altar
D:3:      layout_basic, wad_floor_pattern_untrapped
D:4:      layout_basic, minmay_temple_entry_glass, uniq_crazy_yiuf_cottage

Skill      XL: |  1  2  3  4  5 |
---------------+----------------+-----
Dodging        | | 10.5
Invocations    | 1 |  1.9
Short Blades   | 1 |  1.7
Long Blades    | 1 |  1.7
Maces & Flails | 1 |  1.7
Polearms       | 1 |  1.7
Staves         | 1 |  1.7
Slings         | 1 |  1.7
Bows           | 1 |  1.7
Crossbows      | 1 |  1.7
Throwing       | 1 |  1.7
Shields        | 1 |  1.7
Unarmed Combat | 1 |  1.7
Spellcasting   | 1 |  1.7
Evocations     | 1 |  1.7
Conjurations   | 1 |  1.3
Hexes          | 1 |  1.3
Summonings     | 1 |  1.3
Necromancy     | 1 |  1.3
Translocations | 1 |  1.3
Transmutations | 1 |  1.3
Fire Magic     | 1 |  1.3
Ice Magic      | 1 |  1.3
Air Magic      | 1 |  1.3
Earth Magic    | 1 |  1.3
Poison Magic   | 1 |  1.3
Fighting       | 3 |  3.1
Armour         | 3 |  3.1
Axes           | |  4.9
Stealth        | |  2.9

Action                   |  1- 3 |  4- 6 || total
-------------------------+-------+-------++-------
Melee: Hand axe          |   111 |    56 ||   167
       Bite              |     8 |    13 ||    21
       Falchion          |       |    78 ||    78
       Flail             |       |    11 ||    11
 Fire: Hunting sling     |       |    18 ||    18
Throw: Throwing net      |     1 |       ||     1
  Use: Scroll            |       |     1 ||     1
       Potion            |       |     1 ||     1
 Stab: Sleeping          |     4 |     1 ||     5
       Held in net/web   |     1 |       ||     1
Armor: Leather armour    |    25 |     9 ||    34
       Chain mail        |       |    44 ||    44
       Skin              |       |     4 ||     4
Dodge: Dodged            |    58 |    44 ||   102
Block: Tower shield      |    68 |    87 ||   155

Table legend: (Time is in decaauts)
 A = Elapsed time spent in this place.
 B = Non-inter-level travel time spent in this place.
 C = Inter-level travel time spent in this place.
 D = Time resting spent in this place.
 E = Time spent auto-exploring this place.
 F = Levels seen in this place.
 G = Mean time per level.
                   A        B        C        D        E       F      G
               +--------+--------+--------+--------+--------+-----+--------+
         Total |   5108 |   4921 |    187 |    816 |   2818 |   4 | 1277.0 |
       Dungeon |   5108 |   4921 |    187 |    816 |   2818 |   4 | 1277.0 |
               +--------+--------+--------+--------+--------+-----+--------+

Top non-repeatable levels by time:
     D:2: 2203 daAuts
     D:3: 1285 daAuts
     D:1: 1174 daAuts
     D:4: 445 daAuts
